 Dungeon Crawl Stone Soup version 0.22-a0-439-gac93bac (webtiles) character file.

1332 Borgoz the Ducker (level 8, -8/68 HPs)
             Began as a Ghoul Gladiator on May 29, 2018.
             Was a Follower of Ashenzari.
             Mangled by an ogre
             ... wielding a +0 giant spiked club
              (29 damage)
             ... on level 7 of the Dungeon.
             The game lasted 00:09:26 (5591 turns).

Borgoz the Ducker (Ghoul Gladiator)                 Turns: 5591, Time: 00:09:27

Health: -8/68      AC:  7    Str: 18    XL:     8   Next: 61%
Magic:  7/7        EV: 13    Int:  3    God:    Ashenzari [*.....]
Gold:   266        SH:  0    Dex: 12    Spells: 7/7 levels left

rFire    . . .     SeeInvis .     - Unarmed
rCold    + . .     Gourm    .   (no shield)
rNeg     + + +     Faith    .   f - +0 ring mail (curse)
rPois    ∞         Spirit   .   b - +0 helmet
rElec    .         Reflect  .   (no cloak)
rCorr    .         Harm     .   (no gloves)
MR       .....                  (no boots)
Stlth    +.........             (no amulet)
HPRegen  0.00/turn              (no ring)
MPRegen  0.10/turn              (no ring)

@: rotting
A: rotting body, claws 1, carnivore, cold resistance 1, negative energy
resistance 3, inhibited regeneration, torment resistance, unbreathing
a: Curse Item, Scrying, Renounce Religion


You were on level 7 of the Dungeon.
You worshipped Ashenzari.
Ashenzari was aware of your devotion.
You were not hungry.

You visited 1 branch of the dungeon, and saw 7 of its levels.

You collected 266 gold pieces.

Inventory:

Missiles
 c - 2 throwing nets (quivered)
Armour
 b - a +0 helmet (worn)
 f - a cursed +0 ring mail (worn)
Jewellery
 h - a cursed amulet of magic regeneration
 q - an uncursed ring of flight
Wands
 i - a wand of iceblast (12)
 t - a wand of disintegration (18)
Scrolls
 a - 3 scrolls of remove curse
 g - 2 scrolls of enchant weapon
 k - 4 scrolls of teleportation
 l - a scroll of fog {unknown}
 o - a scroll of random uselessness {unknown}
 p - 2 scrolls of fear
 u - a scroll of immolation {unknown}
Potions
 j - 4 potions of agility
 m - a potion of heal wounds {unknown}
 n - a potion of flight
 r - 2 potions of invisibility
Comestibles
 d - 16 rations
 s - 2 chunks of flesh


   Skills:
 + Level 5.0 Fighting
 - Level 1.7 Throwing
 * Level 5.2 Armour
 * Level 6.0 Dodging
 + Level 5.5 Unarmed Combat


You had 7 spell levels left.
You didn't know any spells.
Your spell library contained the following spells:

 Spells                   Type           Power        Failure   Level  Hunger
 Summon Small Mammal      Summ           #...         71%         1    ##.....
 Summon Ice Beast         Ice/Summ       #.......     100%        4    #####..
 Call Imp                 Summ           #.......     83%         2    ###....
 Call Canine Familiar     Summ           #.......     97%         3    ####...
 Summon Lightning Spire   Summ/Air       #.......     100%        4    #####..
 Summon Guardian Golem    Hex/Summ       #.......     97%         3    ####...


Dungeon Overview and Level Annotations

Branches:
Dungeon (7/15)
 Temple: D:4-7

Altars:
Ashenzari
Nemelex Xobeh
Okawaru
Qazlal
Zin

Annotations:
D:6 Sigmund


Innate Abilities, Weirdness & Mutations

Your body is rotting away.
You thrive on raw meat.
You are immune to poison.
You have sharp fingernails.
You are carnivorous and can eat meat at any time.
Your flesh is cold resistant. (rC+)
You are immune to negative energy. (rN+++)
You do not regenerate when monsters are visible.
You are immune to unholy pain and torment.
You can survive without breathing.


Message History

The ogre is heavily wounded.
You scratch the ogre.
The ogre is heavily wounded.
The ogre barely misses you.
You scratch the ogre.
The ogre is severely wounded.
The phantom hits you.
The ogre hits you with a giant spiked club!!
You scratch the ogre but do no damage. You claw the ogre, but do no damage.
The ogre is severely wounded.
The phantom closely misses you.
You scratch the ogre but do no damage.
The ogre is severely wounded.
The phantom hits you but does no damage.
The ogre hits you with a giant spiked club!!
You scratch the ogre but do no damage.
The ogre is severely wounded.
The quokka bites you. The phantom barely misses you.
The ogre hits you with a giant spiked club!!
You die...

######.# #... ... #
#..# #.# .# #..#
#.# #.# #<.# ......
#..# #.#.#.## #..#
#rW....# #.####..#
#@# ...##
#.......###O#......
#.####...##......W.
#.........>........
######...###.......
#...........##
#########...# ####


You could see a phantom, an ogre and a quokka.

Vanquished Creatures
  Edmund (D:5)
  A phantom (D:4)
  A sky beast (D:6)
  2 ogres
  A centaur (D:6)
  A bullfrog (D:7)
  2 scorpions (D:4)
  A hound (D:4)
  A jelly (D:5)
  2 orc wizards (D:4)
  A bullfrog skeleton (D:4)
  2 iguanas (D:5)
  2 worker ants
  Ijyb (D:3)
  A hound skeleton (D:4)
  Robin (D:3)
  11 gnolls
  8 adders
  A shadow imp (D:6)
  3 oozes
  2 dart slugs
  3 worms
  4 leopard geckos
  22 orcs
  12 bats
  2 giant cockroaches
  16 goblins
  8 hobgoblins
  10 jackals
  2 quokkas
  2 ball pythons
  6 frilled lizards
  7 kobolds
  A quokka skeleton (D:4)
  6 rats
147 creatures vanquished.

Notes
Turn   | Place    | Note
-------+----------+-------------------------------------------
     0 | D:1      | Borgoz the Ghoul Gladiator began the quest for the Orb.
     0 | D:1      | Reached XP level 1. HP: 17/17 MP: 0/0
   231 | D:1      | Reached XP level 2. HP: 18/24 MP: 1/1
   243 | D:1      | Reached skill level 3 in Dodging
   265 | D:1      | Reached skill level 1 in Armour
   282 | D:1      | Found a shattered altar of Ashenzari.
   303 | D:1      | Became a worshipper of Ashenzari the Shackled
   402 | D:1      | Reached XP level 3. HP: 28/30 MP: 2/2
   840 | D:2      | Reached XP level 4. HP: 37/37 MP: 3/3
  1328 | D:3      | Reached XP level 5. HP: 29/44 MP: 4/4
  1429 | D:3      | Found a glowing silver altar of Zin.
  1429 | D:3      | Noticed an angel
  1485 | D:3      | Noticed Robin
  1511 | D:3      | Killed Robin
  1657 | D:3      | Reached * piety under Ashenzari
  2012 | D:3      | Noticed Ijyb
  2040 | D:3      | Killed Ijyb
  2040 | D:3      | Reached skill level 4 in Dodging
  2044 | D:3      | Reached XP level 6. HP: 22/51 MP: 5/5
  2394 | D:3      | Found a stormy altar of Qazlal.
  3032 | D:4      | Noticed a phantom
  3050 | D:4      | Reached XP level 7. HP: 35/58 MP: 6/6
  3714 | D:5      | Entered Level 5 of the Dungeon
  3724 | D:5      | Reached skill level 5 in Dodging
  3907 | D:5      | Reached skill level 5 in Unarmed Combat
  3936 | D:5      | Noticed Edmund
  3967 | D:5      | Killed Edmund
  3967 | D:5      | Reached XP level 8. HP: 14/67 MP: 7/7
  4435 | D:6      | Found an iron altar of Okawaru.
  4738 | D:6      | Found a sparkling altar of Nemelex Xobeh.
  5116 | D:6      | Noticed Sigmund
  5510 | D:6      | Reached skill level 5 in Armour
  5559 | D:7      | Reached skill level 5 in Fighting
  5559 | D:7      | Reached skill level 6 in Dodging
  5591 | D:7      | Mangled by an ogre

Vault maps used:
D:1:      dpeg_arrival_snail, evilmike_ruin_ashenzari
D:2:      first_ration, st_stairs_8, hex_medium
D:3:      zin_angel, lemuel_coloured_pillars_altar, kennysheep_flooded_box,
          uniq_robin, uniq_ijyb
D:5:      uniq_edmund
D:6:      nemelex_xobeh_ov_fountains_minmay, vehumet_crystals,
          chequers_temple_overflow_statue_of_worship, uniq_sigmund,
          uniq_menkaure
D:7:      temple_green, serial_shops, shop

Skill      XL: |  1  2  3  4  5  6  7  8 |
---------------+-------------------------+-----
Dodging        | 3 4 5 6 |  6.0
Armour         | 1 2 3 4 5 |  5.2
Fighting       | 3 4 5 |  5.0
Unarmed Combat | 4 5 |  5.5
Throwing       | |  1.7

Action                   |  1- 3 |  4- 6 |  7- 9 || total
-------------------------+-------+-------+-------++-------
Melee: Unarmed           |   104 |   334 |   203 ||   641
       Punch             |     1 |     6 |     6 ||    13
Throw: Throwing net      |       |       |     3 ||     3
Invok: Curse Item        |       |     1 |       ||     1
  Use: Scroll            |       |       |     7 ||     7
  Eat: Chunk             |     9 |    38 |    26 ||    73
Armor: Ring mail         |    33 |   115 |    43 ||   191
Dodge: Dodged            |    61 |   220 |    98 ||   379

Table legend:
 A = Spawn XP
 B = Non-spawn XP
 C = Spawn XP percentage of total XP
 D = Spawn monster count
 E = Non-spawn monster count
 F = Spawn count percentage of total count
 G = Total turns spent on level
                    A         B        C        D         E        F      G
               +---------+---------+-------+---------+---------+-------+---------
         Total |       0 |    1903 |   0.0 |       0 |     147 |   0.0 |  5591
               +---------+---------+-------+---------+---------+-------+---------
           D:1 |       0 |      44 |   0.0 |       0 |      22 |   0.0 |   624
           D:2 |       0 |      77 |   0.0 |       0 |      23 |   0.0 |   858
           D:3 |       0 |     286 |   0.0 |       0 |      54 |   0.0 |  1023
           D:4 |       0 |     526 |   0.0 |       0 |      29 |   0.0 |  1348
           D:5 |       0 |     433 |   0.0 |       0 |       7 |   0.0 |  1102
           D:6 |       0 |     431 |   0.0 |       0 |      10 |   0.0 |   597
           D:7 |       0 |     106 |   0.0 |       0 |       2 |   0.0 |    39
               +---------+---------+-------+---------+---------+-------+---------
